 Dungeon Crawl Stone Soup version 0.19.0-2-gae57169 (webtiles) character file.

63 dvd the Stinger (level 4, -1/27 HPs)
             Began as an Octopode Venom Mage on Nov 5, 2016.
             Slain by Crazy Yiuf
             ... wielding a +3 quarterstaff of chaos
              (6 damage)
             ... on level 2 of the Dungeon.
             The game lasted 00:04:17 (1817 turns).

dvd the Stinger (Octopode Venom Mage)               Turns: 1817, Time: 00:04:20

Health: -1/27      AC:  1    Str:  7    XL:     4   Next: 9%
Magic:  4/7        EV: 13    Int: 18    God:
Gold:   61         SH:  0    Dex: 12    Spells: 1 memorised, 6 levels left

rFire  . . .     SeeInvis .     d - +0 dagger
rCold  . . .     Gourm    .     (no shield)
rNeg   . . .     Faith    .     (helmet restricted)
rPois  .         Spirit   .     (no amulet)
rElec  .         Reflect  .     g - ring of stealth
rCorr  .         Harm     .     (no ring)
MR     .....                    (no ring)
Stlth  ++++......               (no ring)
                                (no ring)
                                (no ring)
                                (no ring)
                                (no ring)

@: lethally poisoned (-1 -> -8)
A: almost no armour, stealthy swim, amphibious, 8 rings, constrict 8, camouflage
1, gelatinous body 1
a: no special abilities


You were on level 2 of the Dungeon.
You were hungry.

You visited 1 branch of the dungeon, and saw 2 of its levels.

You collected 61 gold pieces.

Inventory:

Hand Weapons
 d - a +0 dagger (weapon)
Jewellery
 g - a ring of stealth (left tentacle)
Scrolls
 e - 2 scrolls of teleportation {unknown}
 f - a scroll of enchant weapon {unknown}
 i - a scroll of recharging {unknown}
 m - a scroll of fear {unknown}
Potions
 c - 5 potions of haste {unknown}
 j - a potion of curing {unknown}
 k - a potion of magic {unknown}
 l - a potion of agility {unknown}
 n - a potion of cure mutation {unknown}
 o - a potion of degeneration {unknown}
Books
 a - a Young Poisoner's Handbook

   Spells                             Type                      Level
   a - Sting                          Conjuration/Poison           1
   b - Mephitic Cloud                 Conjuration/Poison/Air       3
   c - Olgreb's Toxic Radiance        Poison                       4
   d - Alistair's Intoxication        Transmutation/Poison         5
   e - Venom Bolt                     Conjuration/Poison           5
Comestibles
 b - 2 bread rations
 h - 3 fruits
 p - a chunk of flesh


   Skills:
 + Level 0.2 Fighting
 + Level 0.2 Short Blades
 + Level 2.2 Dodging
 + Level 3.2 Stealth
 + Level 2.3 Spellcasting
 + Level 1.0 Conjurations
 + Level 5.7 Poison Magic


You had 6 spell levels left.
You knew the following spells:

 Your Spells              Type           Power        Failure   Level  Hunger
a - Sting                 Conj/Pois      ##..         6%          1    #......


Dungeon Overview and Level Annotations

Branches:
Dungeon (2/15)

Altars:

Annotations:
D:2 Crazy Yiuf


Innate Abilities, Weirdness & Mutations

You cannot wear most types of armour.
You are very stealthy in the water. (Stealth+)
You are amphibious.
You can wear up to eight rings at the same time.
You can use your tentacles to constrict eight enemies at once.
Your skin changes colour to match your surroundings (Stealth+).
Your rubbery body absorbs attacks. (AC +1, EV +1)


Message History

Confirm with . or Enter, or press ? or * to list all spells.
Aiming: Sting
Press: ? - help, Shift-Dir - straight line, f/p - Crazy Yiuf
Aim: Crazy Yiuf, wielding a quarterstaff of chaos and wearing a cloak (lightly wounded, poisoned)
The sting hits Crazy Yiuf.
Crazy Yiuf looks even sicker.
Crazy Yiuf is moderately wounded.
You are feeling hungry.
You hit Crazy Yiuf. You grab Crazy Yiuf.
Crazy Yiuf is severely wounded.
You constrict Crazy Yiuf, but do no damage.
Crazy Yiuf hits you with a quarterstaff of chaos!
You are poisoned.
You hit Crazy Yiuf but do no damage.
Crazy Yiuf is severely wounded.
You constrict Crazy Yiuf.
You feel sick.
Crazy Yiuf hits you with a quarterstaff of chaos!
Ouch! That really hurt!
* * * LOW HITPOINT WARNING * * *
Crazy Yiuf freezes you.
You die...

########
##....#.### ###
##......#..##...#
#......####@g...#
#.....## ###..)#
#.##### ### #.#
########## #.#
#......... #.#
#### #<........
#.# #..#
#.......[.
#.###..#
####....(....
#......#
........(.....


You could see Crazy Yiuf.

Vanquished Creatures
  2 adders (D:2)
  2 dart slugs (D:1)
  4 bats (D:1)
  A giant cockroach (D:1)
  3 goblins (D:1)
  6 hobgoblins (D:1)
  6 jackals
  9 kobolds
  A frilled lizard (D:1)
  7 rats
41 creatures vanquished.

Notes
Turn   | Place    | Note
-------+----------+-------------------------------------------
     0 | D:1      | dvd the Octopode Venom Mage began the quest for the Orb.
     0 | D:1      | Reached XP level 1. HP: 11/11 MP: 3/3
    53 | D:1      | Reached skill level 5 in Poison Magic
   207 | D:1      | Reached XP level 2. HP: 17/17 MP: 3/5
   528 | D:1      | Reached XP level 3. HP: 12/21 MP: 1/6
  1718 | D:2      | Reached skill level 1 in Conjurations
  1718 | D:2      | Reached XP level 4. HP: 27/27 MP: 2/7
  1808 | D:2      | Found a runed door.
  1812 | D:2      | Noticed Crazy Yiuf
  1817 | D:2      | Slain by Crazy Yiuf

Skill      XL: |  1  2  3 |
---------------+----------+-----
Poison Magic   | 5 |  5.7
Stealth        | 3 |  3.2
Conjurations   | 1 |  1.0
Fighting       | |  0.2
Short Blades   | |  0.2
Dodging        | |  2.2
Spellcasting   | |  2.3

Action                   |  1- 3 |  4- 6 || total
-------------------------+-------+-------++-------
Melee: Unarmed           |     9 |       ||     9
       Dagger            |    31 |     2 ||    33
       Constrict         |    11 |     1 ||    12
       Tentacles         |     4 |       ||     4
 Cast: Sting             |    58 |     6 ||    64
  Eat: Chunk             |     2 |     1 ||     3
Armor: Skin              |     8 |       ||     8
Dodge: Dodged            |    41 |       ||    41
